 Dungeon Crawl Stone Soup version 0.27-a0-592-g0306a34022 (webtiles) character file.

Game seed: 8506550484053041355

3037 jestyr24 the Carver (level 9, -6/78 HPs)
             Began as a Minotaur Fighter on Mar 10, 2021.
             Was an Initiate of Elyvilon.
             Killed from afar by an electric eel (14 damage)
             ... with a bolt of electricity
             ... on level 7 of the Dungeon.
             The game lasted 00:39:36 (7461 turns).

jestyr24 the Carver (Minotaur Fighter)              Turns: 7461, Time: 00:39:37

Health: -6/78      AC: 14    Str: 34    XL:     9   Next: 56%
Magic:  8/8        EV:  9    Int:  5    God:    Elyvilon [......]
Gold:   597        SH: 14    Dex: 10    Spells: 8/8 levels left

rFire    . . .     SeeInvis .   a - +4 long sword (freeze)
rCold    + + .     Faith    .   c - +1 kite shield
rNeg     . . .     Spirit   .   e - +0 chain mail
rPois    +         Reflect  .   (helmet restricted)
rElec    .         Harm     .   (no cloak)
rCorr    .         Rampage  +   y - +2 pair of gloves of the Lute {-Cast Rampage rC++ Str+10}
Will     .....     NoCast   +   (no boots)
Stlth    ..........             (no amulet)
HPRegen  0.23/turn              b - ring of poison resistance
MPRegen  0.11/turn              C - ring of poison resistance

@: hasted, very quick
A: horns 2, retaliatory headbutt
a: Renounce Religion


You were on level 7 of the Dungeon.
You worshipped Elyvilon.
Elyvilon was noncommittal.
You visited 2 branches of the dungeon, and saw 9 of its levels.
You also visited: Ossuary.

You collected 597 gold pieces.

Inventory:

Hand Weapons
 a - a +4 long sword of freezing (weapon)
 f - a +2 antimagic dagger
 s - a +1 falchion of protection
 u - a +2 scimitar
 D - a +5 halberd
 G - a +5 spear
Missiles
 h - 6 boomerangs (quivered)
 n - 22 poisoned darts
 t - 2 boomerangs of dispersal
 F - 6 silver javelins
Armour
 c - a +1 kite shield (worn)
 e - a +0 chain mail (worn)
 y - the +2 pair of gloves of the Lute (worn) {-Cast Rampage rC++ Str+10}
   (You found it on level 7 of the Dungeon)

   It affects your strength (+10).
   It greatly protects you from cold.
   It prevents spellcasting.
   It bestows one free step when moving towards enemies.
Magical Staves
 o - a staff of death
Jewellery
 b - a ring of poison resistance (right hand)
 k - a ring of fire
 C - a ring of poison resistance (left hand)
Wands
 p - a wand of acid (10)
 x - a wand of mindburst (12)
 B - a wand of polymorph (5)
 E - a wand of paralysis (11)
 K - a wand of iceblast (5)
Scrolls
 g - 4 scrolls of identify
 i - 3 scrolls of teleportation
 j - a scroll of noise
 m - 3 scrolls of fog
 q - a scroll of enchant weapon
 z - 2 scrolls of magic mapping
 L - 2 scrolls of enchant armour
Potions
 d - 4 potions of might
 l - 4 potions of flight
 r - 4 potions of haste
 v - a potion of attraction {unknown}
 w - a potion of invisibility {unknown}
 A - 3 potions of heal wounds {unknown}
 H - 3 potions of curing {unknown}
 I - 2 potions of lignification {unknown}
 J - a potion of brilliance {unknown}


   Skills:
 + Level 6.8 Fighting
 + Level 9.4 Long Blades
 + Level 8.5 Armour
 + Level 2.8 Dodging
 + Level 9.2 Shields


You had 8 spell levels left.
You didn't know any spells.
Your spell library was empty.

Dungeon Overview and Level Annotations

Branches:
Dungeon (8/15)             Temple (1/1) D:7         Ossuary (visited)
   Lair: D:8-11

Altars:
Ashenzari
Cheibriados
Elyvilon
Fedhas
Gozag
Hepliaklqana
Kikubaaqudgha
Makhleb
Nemelex Xobeh
Okawaru
Qazlal
Ru
Sif Muna
Trog
Uskayaw
Vehumet
Wu Jian
Xom
Yredelemnul
Zin
The Shining One


Innate Abilities, Weirdness & Mutations

You have a pair of horns on your head.
You reflexively headbutt those who attack you in melee.


Message History

You freeze the electric eel.
The electric eel is heavily wounded.
You closely miss the electric eel. You headbutt the electric eel.
The electric eel is severely wounded.
You slash the electric eel!
The electric eel seems to slow down.
You freeze the electric eel.
You kill the electric eel!
The electric eel shoots out a bolt of lightning at you!
The bolt of electricity hits the plant!
The plant begins to die.
The bolt of electricity hits you!
A nearby plant withers and dies. x2
The electric eel shoots out a bolt of lightning at you!
The bolt of electricity hits you.
You enter the shallow water.
Moving in this stuff is going to be slow.
Your unstable footing causes you to fumble your attack.
You hit the plant.
The plant begins to die.
You freeze the plant. You headbutt the plant.
The plant is lightly damaged.
You slash the plant! You freeze the plant!
The plant is moderately damaged.
A nearby plant withers and dies.
The electric eel shoots out a bolt of lightning at you!
The bolt of electricity hits you.
The electric eel shoots out a bolt of lightning at you!
The bolt of electricity hits you.
The electric eel shoots out a bolt of lightning at you!
The bolt of electricity hits you!
* * * LOW HITPOINT WARNING * * *
Your shield and chain mail prevent you from hitting the electric eel.
Your headbutt misses the electric eel.
The electric eel shoots out a bolt of lightning at you!
The bolt of electricity hits you!
* * * LOW HITPOINT WARNING * * *
The electric eel shoots out a bolt of lightning at you!
The bolt of electricity misses you.
You feel yourself speed up.
The electric eel shoots out a bolt of lightning at you!
The bolt of electricity hits you!
You die...

.......##.##...........## #
.......##...............# #
......#####.............## ##
#.....# #...............#######.
♣≈♣♣≈♣P♣##...........<...........
♣≈♣P♣≈≈♣≈≈≈≈....................§
≈≈≈≈ ≈≈≈≈≈≈♣♣≈≈.............§§≈≈≈
≈≈≈≈ ≈≈≈≈♣≈P♣♣†.......#...§##≈≈#§
≈≈≈≈ ≈≈≈≈♣≈≈≈≈;@....##...§≈≈≈≈#.
≈≈≈≈ ≈≈≈P≈≈≈≈♣♣♣....##.≈≈#≈⌠_≈#.
≈≈≈≈≈ ≈≈≈♣≈≈ ♣;......≈≈#≈§§≈#.
≈≈;≈≈P ♣≈.###..≈≈≈≈≈§≈§≈
≈≈P≈≈≈≈≈≈♣## #...≈#§#.#≈≈
≈≈♣P≈P≈♣♣ #...≈..≈.§≈≈ ≈≈≈≈≈P
#........≈.≈ ≈≈≈ ##....)..... ≈♣
######...##


You could see 2 electric eels.

Vanquished Creatures
  An ugly thing (D:8)
  Psyche (D:8)
  An ice beast (D:8)
  An ogre (D:4)
  5 centaurs
  A phantom (D:6)
  A kobold brigand (Temple)
  2 bullfrogs (D:6)
  4 scorpions
  12 wights
  3 electric eels (D:7)
  A howler monkey (D:4)
  2 hounds
  2 quasits
  2 centaur skeletons
  3 bullfrog skeletons
  An orc wizard (D:5)
  A worker ant (D:6)
  9 mummies
  6 gnolls
  8 adders
  3 ufetubi (D:8)
  2 oozes
  2 worms
  A dart slug (D:1)
  A leopard gecko (D:5)
  9 orcs
  6 giant cockroaches
  6 hobgoblins
  3 jackals
  13 kobolds
  4 quokkas
  3 ball pythons
  8 bats
  6 frilled lizards
  2 gnoll zombies (Ossuary)
  11 goblins
  A goblin zombie (D:7)
  6 hobgoblin zombies
  A jackal zombie (D:8)
  A kobold zombie (Ossuary)
  3 leopard gecko skeletons
  A leopard gecko zombie (D:7)
  7 rats
167 creatures vanquished.

Vanquished Creatures (others)
  21 plants (D:7)
21 creatures vanquished.

Grand Total: 188 creatures vanquished

Notes
Turn   | Place    | Note
-------+----------+-------------------------------------------
     0 | D:1      | jestyr24 the Minotaur Fighter began the quest for the Orb.
     0 | D:1      | Reached XP level 1. HP: 19/19 MP: 0/0
    63 | D:1      | Reached XP level 2. HP: 24/27 MP: 1/1
   807 | D:1      | Reached XP level 3. HP: 33/33 MP: 2/2
   942 | D:2      | You fall into a shaft and drop 2 floors!
   952 | D:4      | Noticed an ogre
   955 | D:4      | Reached XP level 4. HP: 20/40 MP: 3/3
   961 | D:4      | Killed an ogre
   962 | D:4      | Reached XP level 5. HP: 25/46 MP: 4/4
  1558 | D:2      | Found a hazy altar of Hepliaklqana.
  1933 | D:3      | Reached skill level 5 in Shields
  2085 | D:3      | Reached skill level 5 in Armour
  2199 | D:3      | You fall into a shaft and drop 3 floors!
  2205 | D:6      | Reached XP level 6. HP: 47/53 MP: 5/5
  2208 | D:6      | Reached skill level 5 in Long Blades
  2208 | D:6      | Reached skill level 1 in Dodging
  2217 | D:5      | Entered Level 5 of the Dungeon
  2396 | D:5      | Found a white marble altar of Elyvilon.
  2424 | D:5      | Reached XP level 7. HP: 42/60 MP: 6/6
  2771 | D:5      | Reached skill level 5 in Fighting
  3931 | D:6      | Reached XP level 8. HP: 37/68 MP: 7/7
  4085 | D:6      | Found a snail-covered altar of Cheibriados.
  4085 | D:6      | Found a burning altar of Makhleb.
  4085 | D:6      | Found an iron altar of Okawaru.
  4761 | D:7      | Found a sand-covered staircase.
  4830 | Ossuary  | Entered an ossuary
  5201 | D:7      | Found a stormy altar of Qazlal.
  5356 | D:8      | Noticed a purple ugly thing
  5396 | D:8      | Killed a purple ugly thing
  5397 | D:8      | Reached XP level 9. HP: 22/77 MP: 8/8
  5876 | D:8      | Noticed Psyche
  5938 | D:8      | Killed Psyche
  6947 | D:7      | Found a staircase to the Ecumenical Temple.
  6952 | D:7      | Identified the +2 pair of gloves of the Lute {-Cast Rampage
                  | rC++ Str+10}
  6960 | Temple   | Entered the Ecumenical Temple
  7162 | Temple   | Became a worshipper of Elyvilon the Healer
  7461 | D:7      | Killed from afar by an electric eel

Illustrated notes

Levels and vault maps discovered:
D:1:      minmay_arrival_cross, layout_loops_ring, corner_web_ring,
          minmay_quantized
D:2:      layout_rooms, nicolae_overflow_hidden_temple
D:3:      layout_loops_ring, grunt_dithmenos_smoke
D:4:      layout_basic, gammafunk_ghost_nasty_kobolds, serial_shops, shop,
          nicolae_ru_path_of_blood
D:5:      layout_gridville, elyvilon_altar_4
D:6:      layout_rooms, gammafunk_temple_overflow_claw
D:7:      layout_cave_pods, nicolae_qazlal_general_emergency,
          minmay_temple_entry_waves, nicolae_ossuary_entry_giza, serial_bayou,
          serial_bayou_crossing, serial_bayou_lake_a, serial_bayou_pond_c,
          serial_bayou_shore_b
D:8:      wander_river, layout_basic, hangedman_abyss_or_decor_lesser_grid,
          st_stairs_11, uniq_psyche
Temple:   eino_temple_rhombus

Skill      XL: |  1  2  3  4  5  6  7  8  9 |
---------------+----------------------------+-----
Armour         | 4 5 6 7 8 |  8.5
Shields        | 4 5 6 8 9 |  9.2
Fighting       | 4 5 6 |  6.8
Long Blades    | 3 4 5 6 8 9 |  9.4
Dodging        | 1 2 |  2.8

Action                   |  1- 3 |  4- 6 |  7- 9 || total
-------------------------+-------+-------+-------++-------
Melee: Long sword        |    80 |    95 |    58 ||   233
       Headbutt          |     9 |    29 |    71 ||   109
       Falchion          |       |    52 |   214 ||   266
       Scimitar          |       |       |    30 ||    30
       Spear             |       |       |    16 ||    16
       Dagger            |       |       |     6 ||     6
  Use: Scroll            |       |     2 |     8 ||    10
       Potion            |       |       |     2 ||     2
Armor: Scale mail        |     2 |       |       ||     2
       Chain mail        |    49 |   100 |   148 ||   297
Dodge: Dodged            |    12 |    47 |    94 ||   153
Block: Kite shield       |    49 |    89 |   218 ||   356
       Rpst.: Long sword |     2 |     6 |       ||     8
       Falchion          |       |     8 |    16 ||    24
       Scimitar          |       |       |     2 ||     2

Table legend: (Time is in decaauts)
 A = Elapsed time spent in this place.
 B = Non-inter-level travel time spent in this place.
 C = Inter-level travel time spent in this place.
 D = Time resting spent in this place.
 E = Time spent auto-exploring this place.
 F = Levels seen in this place.
 G = Mean time per level.
                   A        B        C        D        E       F      G
               +--------+--------+--------+--------+--------+-----+--------+
         Total |   7645 |   7412 |    233 |   1655 |   3149 |  10 |  764.5 |
       Dungeon |   7076 |   6843 |    233 |   1550 |   2990 |   8 |  884.5 |
        Temple |    209 |    209 |      0 |      0 |    159 |   1 |  209.0 |
       Ossuary |    360 |    360 |      0 |    105 |      0 |   1 |  360.0 |
               +--------+--------+--------+--------+--------+-----+--------+

Top non-repeatable levels by time:
     D:5: 1817 daAuts
     D:8: 1343 daAuts
     D:7: 934 daAuts
     D:1: 885 daAuts
     D:3: 856 daAuts
     D:6: 698 daAuts
     D:2: 509 daAuts
 Ossuary: 360 daAuts
  Temple: 209 daAuts
     D:4: 32 daAuts
